 Seeded DCSS version 0.29-a0-563-g64e4043184 (webtiles) character file.

Game seed: 8572682691686822440 (custom seed)

63762 happo123 the Unseen (level 14, -1/83 HPs)
             Began as a Vampire Enchanter on June 11, 2022.
             Was a High Priest of Wu Jian.
             Slain by a redback (9 damage)
             ... on level 1 of the Spider Nest.
             The game lasted 01:41:12 (20807 turns).

happo123 the Unseen (Vampire Enchanter)            Turns: 20807, Time: 01:41:13

Health: -1/83      AC: 12    Str:  7    XL:     14   Next: 69%
Magic:  11/26      EV: 19    Int: 33    God:    Wu Jian [*****.]
Gold:   1380       SH:  0    Dex: 21    Spells: 10/29 levels left

rFire   . . .      SeeInvis +   K - +4 short sword of Saqybav {vamp, Int+7}
rCold   + + .      Faith    .   f - orb {guile}
rNeg    + + +      Spirit   .   Z - +2 robe {Archmagi}
rPois   ∞          Reflect  .   p - +1 helmet
rElec   .          Harm     .   a - +0 cloak
rCorr   .          Rampage  .   z - +2 pair of gloves
Will    .....      Archmagi +   e - +0 pair of boots
Stlth   +++++++++.              i - amulet of regeneration
HPRegen 0.00/turn               X - +6 ring of dexterity
MPRegen 0.20/turn               F - ring "Jietuuve" {Will+ Int+4}

@: bloodless, inhibited regen, invisible
A: bloodless, fangs 3, see invisible, vampiric 2
a: Bat Form, Revivify, Renounce Religion, Wall Jump, Serpent's Lash, Heavenly
Storm


You were on level 1 of the Spider Nest.
You worshipped Wu Jian.
Wu Jian was extremely pleased with you.
You visited 4 branches of the dungeon, and saw 20 of its levels.
You also visited: Ossuary.

You collected 1580 gold pieces.
You spent 200 gold pieces at shops.

Inventory:

Hand Weapons
 K - the +4 short sword of Saqybav (weapon) {vamp, Int+7}
   (You bought it in a shop on level 6 of the Dungeon)

   It occasionally heals its wielder for a portion of the damage dealt when it
   wounds a living foe.
   Int:       It affects your intelligence (+7).
Armour
 a - a +0 cloak (worn)
 e - a +0 pair of boots (worn)
 f - an orb of guile (worn)
 p - a +1 helmet (worn)
 z - a +2 pair of gloves (worn)
 I - a +2 leather armour of willpower
 V - a scarf of invisibility
 Z - a +2 robe of the Archmagi (worn)
Magical Staves
 w - a staff of fire
Jewellery
 i - an amulet of regeneration (around neck)
 F - the ring "Jietuuve" (right hand) {Will+ Int+4}
   (You found it on level 11 of the Dungeon)

   [ring of willpower]

   Int:       It affects your intelligence (+4).
   Will:      It increases your willpower.
 X - a +6 ring of dexterity (left hand)
Wands
 s - a wand of charming (3)
 t - a wand of polymorph (15)
 D - a wand of paralysis (14)
 S - a wand of digging (14)
 T - a wand of flame (2)
 U - a wand of iceblast (6)
 Y - a wand of acid (3)
Scrolls
 d - 7 scrolls of fear {unknown}
 g - 5 scrolls of magic mapping {unknown}
 j - 3 scrolls of blinking {unknown}
 k - 10 scrolls of teleportation {unknown}
 n - 2 scrolls of summoning
 r - 5 scrolls of enchant weapon
 v - 2 scrolls of vulnerability {unknown}
 y - 4 scrolls of noise {unknown}
 A - 2 scrolls of brand weapon {unknown}
 C - 3 scrolls of poison
 J - 2 scrolls of enchant armour {unknown}
 M - 3 scrolls of fog
 Q - 5 scrolls of amnesia
 R - 2 scrolls of immolation {unknown}
 W - a scroll of torment
Potions
 c - a potion of invisibility
 h - 7 potions of curing {unknown}
 l - 4 potions of flight
 m - a potion of resistance
 o - 2 potions of heal wounds
 E - 2 potions of magic
 G - 3 potions of haste
 L - 3 potions of brilliance
 N - 4 potions of might
 O - 3 potions of cancellation
 P - 3 potions of attraction


   Skills:
 + Level 7.8 Fighting
 + Level 9.5 Short Blades
 - Level 5.0 Armour
 + Level 9.6 Dodging
 * Level 18.5 Stealth
 + Level 8.1 Spellcasting
 * Level 17.1 Hexes
 + Level 2.3 Translocations
 + Level 8.5 Ice Magic
 + Level 3.4 Evocations


You had 10 spell levels left.
You knew the following spells:

 Your Spells              Type           Power      Damage    Failure   Level
a - Ensorcelled Hibernat  Hex/Ice        100%       N/A       1%          2
b - Confusing Touch       Hex            100%       N/A       0%          3
c - Tukima's Dance        Hex            100%       N/A       0%          3
d - Frozen Ramparts       Ice            100%       1d12      1%          3
e - Summon Mana Viper     Hex/Summ       81%        N/A       2%          5
f - Dazzling Flash        Conj/Hex       100%       N/A       1%          3

Your spell library contained the following spells:

 Spells                   Type           Power      Damage    Failure   Level
 Apportation              Tloc           86%        N/A       1%          1
 Freeze                   Ice            100%       1d11      1%          1
 Blink                    Tloc           86%        N/A       1%          2
 Necrotize                Necr           80%        1d8       3%          1
 Summon Small Mammal      Summ           80%        N/A       3%          1
 Lesser Beckoning         Tloc           43%        N/A       4%          3
 Sublimation of Blood     Necr           20%        N/A       5%          2
 Hailstorm                Conj/Ice       58%        3d13      6%          4
 Summon Ice Beast         Ice/Summ       58%        N/A       6%          4
 Vampiric Draining        Necr           20%        2d7       11%         3
 Iskenderun's Mystic Bla  Conj/Tloc      31%        2d8       22%         4
 Petrify                  Tmut/Erth      20%        N/A       34%         4
 Manifold Assault         Tloc           43%        N/A       36%         5
 Agony                    Necr           20%        N/A       67%         5
 Blade Hands              Tmut           10%        N/A       67%         5
 Irradiate                Conj/Tmut      10%        3d16      67%         5
 Iskenderun's Battlesphe  Conj           20%        2d7       67%         5
 Iron Shot                Conj/Erth      10%        9d3       99%         6
 Starburst                Conj/Fire      10%        6d5       99%         6
 Dragon Form              Tmut           10%        N/A       100%        7
 Monstrous Menagerie      Summ           10%        N/A       100%        7
 Spellforged Servitor     Conj/Summ      10%        N/A       100%        7


Dungeon Overview and Level Annotations

Branches:
Dungeon (11/15)            Temple (1/1) D:5            Lair (6/6) D:9
  Swamp (0/4) Lair:4       Spider (2/4) Lair:4        Slime (0/5) Lair:5
    Orc (0/2) D:11        Ossuary (visited)

Altars:
Ashenzari
Cheibriados
Dithmenos
Elyvilon
Fedhas
Gozag
Hepliaklqana
Kikubaaqudgha
Makhleb
Nemelex Xobeh
Okawaru
Qazlal
Ru
Sif Muna
Trog
Uskayaw
Vehumet
Wu Jian
Xom
Yredelemnul
Zin
The Shining One
Jiyva

Shops:
D:6 (


Innate Abilities, Weirdness & Mutations

You do not regenerate when monsters are visible.
You are frail without blood (-20% HP).
You can heal yourself when you bite living creatures.
You are immune to poison.
You have razor-sharp teeth.
You have supernaturally acute eyesight. (SInv)
You are afflicted with vampirism and can become a bat while bloodless.


Message History

The redback closely misses you. The redback misses you. The redback bites you.
Your mana viper bites the redback.
You climb upwards.
Your summoned ally is left behind.
There is a stone staircase leading down here.
Aiming: Wall Jump
Press: ? - help, Dir - move target You repeatedly attack the redback from above.
You hit the redback.
You feel better.
The redback is lightly wounded.
You hit the redback but do no damage.
The redback is lightly wounded.
You closely miss the redback. You bite the redback.
The redback is moderately wounded.
You repeatedly attack the redback from above.
You hit the redback.
You feel better.
The redback is lightly wounded.
You hit the redback.
The redback is moderately wounded.
You hit the redback.
The redback is moderately wounded.
You barely miss the redback.
The redback is moderately wounded.
You repeatedly attack the redback from above.
You barely miss the redback.
The redback is lightly wounded.
You puncture the redback! You bite the redback.
The redback is heavily wounded.
You miss the redback.
The redback is heavily wounded.
The redback misses you. The redback barely misses you.
The redback bites you but does no damage.
The redback closely misses you. The redback bites you! x2
* * * LOW HITPOINT WARNING * * *
The redback's wounds heal themselves!
The redback bites you!
* * * LOW HITPOINT WARNING * * *
The redback bites you but does no damage.
Okay, then.
You fade into invisibility!
The redback bites you!
You die...

#..##.....##...##.^...>........
#...###........................
#.....###...................^..
#..........#####........#######
########...###...^..#............
#.....#.<###....^...#...#........
#.....####.........##...#.....^..
###....#........ss.#..###..>.....
#......##.......@s>#....#........
#............##..s##....#...#....
###..........#...##.....##..#....
##.......#..^#..##.......#..##..^
.####...##...####........#...#...
........#..###........#..#..^#...
......###...#.........#.^#...#...
......#....##.........####...#...
....#.#....#.............#...#...


You could see a culicivora (can't see you) and 3 redbacks.

Vanquished Creatures
  Agnes (Spider:1)
  Aizul (Spider:2)
  An emperor scorpion (Spider:2)
  Louise (Spider:2)
  A broodmother (Spider:2)
  Nessos (Lair:4)
  Harold (D:10)
  6 hydras
  A radroach (Spider:1)
  A boulder beetle (Lair:5)
  A death knight (D:11)
  4 two-headed ogres
  A centaur warrior (D:11)
  6 death yaks (Lair:4)
  An orb spider (Spider:2)
  3 steelbarb worms (Spider:2)
  7 wolf spiders
  An oklob plant (Lair:5)
  A cyclops (D:11)
  3 moths of wrath
  A manticore (D:11)
  2 black mambas
  4 torpor snails (Lair:4)
  5 cane toads
  9 komodo dragons
  2 rime drakes
  A gargoyle (D:11)
  An unseen horror (D:11)
  2 demonic crawlers
  3 kobold demonologists
  3 trolls
  4 polar bears (Lair:6)
  5 hornets
  6 tarantellas
  Grinder (D:3)
  3 dream sheep (Lair:6)
  8 culicivoras
  11 spriggans (Lair:6)
  7 jumping spiders
  5 wyverns
  3 basilisks
  38 yaks
  3 steam dragons
  A wraith (D:10)
  14 redbacks
  Menkaure (D:4)
  2 vampire mosquitoes (D:11)
  16 water moccasins
  A meliai simulacrum (D:11)
  12 orc warriors
  7 black bears
  4 sky beasts
  5 boggarts (Lair:6)
  An ogre (D:7)
  28 wolves
  4 centaurs
  2 phantoms
  12 bullfrogs
  2 gnoll sergeants
  3 kobold brigands
  A necrophage (D:5)
  4 scorpions
  3 killer bees (D:7)
  4 electric eels
  4 howler monkeys
  A crimson imp (D:9)
  A human zombie (Ossuary)
  11 orc priests
  A centaur zombie (Ossuary)
  6 hounds
  2 jellies (D:7)
  A gnoll shaman (D:8)
  Jessica (D:3)
  An iguana (D:4)
  10 orc wizards
  3 mummies
  20 gnolls
  8 adders
  A white imp (D:9)
  An ufetubus (D:4)
  3 worms
  4 dart slugs
  37 orcs
  8 ball pythons
  6 endoplasms
  A giant cockroach (D:2)
  3 gnoll zombies (Ossuary)
  3 goblins
  5 hobgoblins
  2 quokkas
  7 bats
  5 frilled lizards
  3 goblin zombies (Ossuary)
  4 hobgoblin zombies (Ossuary)
  26 kobolds
  2 orc zombies (Ossuary)
  8 rats
496 creatures vanquished.

Vanquished Creatures (collateral kills)
  A ghost moth (Spider:1)
  A cane toad (Lair:6)
  A demonic crawler (Spider:2)
  A tarantella (Spider:2)
  A culicivora (Spider:2)
  A spriggan (Lair:6)
  6 jumping spiders
  3 redbacks
  3 wolves (Lair:6)
  An orc priest (D:9)
  An orc wizard (D:9)
  2 orcs
22 creatures vanquished.

Vanquished Creatures (others)
  2 dancing weapons
  43 fungi
  62 plants
107 creatures vanquished.

Grand Total: 625 creatures vanquished

Notes
Turn   | Place    | Note
-------+----------+-------------------------------------------
     0 | D:1      | happo123 the Vampire Enchanter began the quest for the Orb.
     0 | D:1      | Reached XP level 1. HP: 13/13 MP: 3/3
    50 | D:1      | Found a faded altar of an unknown god.
   226 | D:1      | Reached XP level 2. HP: 16/19 MP: 5/5
   229 | D:1      | Learned a level 2 spell: Ensorcelled Hibernation
  1135 | D:2      | Reached skill level 5 in Stealth
  1135 | D:2      | Gained mutation: You are afflicted with vampirism and can
                  | become a bat while bloodless. [Vampire growth]
  1135 | D:2      | Reached XP level 3. HP: 15/20 MP: 1/6
  1142 | D:2      | Learned a level 3 spell: Confusing Touch
  1169 | D:2      | Reached skill level 5 in Hexes
  1516 | D:2      | Reached XP level 4. HP: 24/24 MP: 7/7
  1549 | D:2      | Reached skill level 1 in Fighting
  1805 | D:3      | Noticed Jessica
  1814 | D:3      | Killed Jessica
  1815 | D:3      | Reached skill level 1 in Ice Magic
  2296 | D:3      | Noticed Grinder
  2311 | D:3      | Killed Grinder
  2312 | D:3      | Reached skill level 6 in Stealth
  2312 | D:3      | Reached XP level 5. HP: 19/29 MP: 5/8
  2312 | D:3      | Reached XP level 6. HP: 22/34 MP: 5/9
  2319 | D:3      | Learned a level 3 spell: Tukima's Dance
  2911 | D:4      | Noticed Menkaure
  2940 | D:4      | Killed Menkaure
  2941 | D:4      | Reached skill level 7 in Stealth
  2941 | D:4      | Reached XP level 7. HP: 32/40 MP: 4/11
  2945 | D:4      | Learned a level 3 spell: Frozen Ramparts
  3312 | D:5      | Entered Level 5 of the Dungeon
  3312 | D:5      | Found a staircase to the Ecumenical Temple.
  3340 | Temple   | Entered the Ecumenical Temple
  3343 | Temple   | Became a worshipper of the Wu Jian Council
  3694 | D:5      | Found the dreamshard necklace {*Dream Drain}
  4222 | D:5      | Reached skill level 8 in Stealth
  4728 | D:6      | Reached XP level 8. HP: 45/45 MP: 7/12
  4984 | D:6      | Found a shimmering altar of Xom.
  5163 | D:6      | Reached * piety under Wu Jian
  5499 | D:6      | Reached skill level 9 in Stealth
  5666 | D:6      | Found Esesamae's Antique Weapon Shop.
  5979 | D:7      | Reached XP level 9. HP: 51/51 MP: 13/15
  6152 | D:7      | Reached skill level 10 in Stealth
  6197 | D:7      | Reached skill level 5 in Dodging
  6273 | D:7      | Reached ** piety under Wu Jian
  6376 | D:6      | Bought a bloodstained short sword for 200 gold pieces
  6376 | D:6      | Identified the +4 short sword of Saqybav {vamp, Int+7} (You
                  | bought it in a shop on level 6 of the Dungeon)
  7077 | D:8      | Reached skill level 5 in Short Blades
  7077 | D:8      | Reached skill level 10 in Hexes
  7088 | D:8      | Reached skill level 1 in Armour
  7088 | D:8      | Reached skill level 11 in Stealth
  7100 | D:8      | Found a sand-covered staircase.
  7114 | Ossuary  | Entered an ossuary
  8160 | D:9      | Noticed a troll
  8165 | D:9      | Killed a troll
  8184 | D:9      | Reached XP level 10. HP: 56/56 MP: 14/17
  8258 | D:9      | Reached *** piety under Wu Jian
  8372 | D:9      | Found a staircase to the Lair.
  8388 | D:9      | Noticed a two-headed ogre
  8394 | D:9      | Killed a two-headed ogre
  8401 | D:9      | Reached skill level 12 in Stealth
  8401 | D:9      | Reached skill level 5 in Spellcasting
  8403 | D:9      | Reached skill level 5 in Ice Magic
  9128 | D:10     | Entered Level 10 of the Dungeon
  9264 | D:10     | Reached XP level 11. HP: 39/62 MP: 15/19
  9266 | D:10     | Reached skill level 5 in Fighting
  9270 | D:10     | Reached skill level 13 in Stealth
  9347 | D:10     | Noticed a two-headed ogre
  9355 | D:10     | Killed a two-headed ogre
  9355 | D:10     | Reached **** piety under Wu Jian
  9735 | D:10     | Noticed Harold
  9742 | D:10     | Killed Harold
 10546 | D:11     | Found a staircase to the Orcish Mines.
 10603 | D:11     | Noticed a two-headed ogre
 10623 | D:11     | Killed a two-headed ogre
 10692 | D:11     | Noticed a four-headed hydra
 10701 | D:11     | Killed a four-headed hydra
 10847 | D:11     | Reached skill level 14 in Stealth
 10886 | D:11     | Noticed a two-headed ogre
 10891 | D:11     | Killed a two-headed ogre
 10913 | D:11     | Reached ***** piety under Wu Jian
 11116 | D:11     | Identified the ring "Jietuuve" {Will+ Int+4}
 11400 | D:11     | Noticed a centaur warrior
 11504 | D:11     | Noticed a death knight
 11504 | D:11     | Noticed a deep elf pyromancer
 11545 | D:11     | Killed a centaur warrior
 11556 | D:11     | Killed a death knight
 11557 | D:11     | Reached XP level 12. HP: 51/69 MP: 13/21
 11862 | Lair:1   | Entered Level 1 of the Lair of Beasts
 12045 | Lair:1   | Noticed a seven-headed hydra
 12052 | Lair:1   | Killed a seven-headed hydra
 12249 | Lair:1   | You fall into a shaft and drop 1 floor!
 13366 | Lair:2   | Reached skill level 15 in Stealth
 13662 | Lair:2   | Noticed an eight-headed hydra
 13665 | Lair:2   | Killed an eight-headed hydra
 14636 | Lair:3   | Noticed a seven-headed hydra
 14642 | Lair:3   | Killed a seven-headed hydra
 14917 | Lair:4   | Learned a level 5 spell: Summon Mana Viper
 14953 | Lair:4   | Found a staircase to the Swamp.
 14998 | Lair:4   | Noticed Nessos
 15020 | Lair:4   | Reached skill level 16 in Stealth
 15036 | Lair:4   | Killed Nessos
 15036 | Lair:4   | Reached XP level 13. HP: 50/75 MP: 10/23
 15182 | Lair:4   | Found a hole to the Spider Nest.
 15206 | Lair:4   | Found a snail-covered altar of Cheibriados.
 15260 | Lair:4   | Reached skill level 15 in Hexes
 16438 | Lair:5   | Reached skill level 5 in Armour
 16733 | Lair:5   | Found a staircase to the Slime Pits.
 16733 | Lair:5   | Found a viscous altar of Jiyva.
 16770 | Lair:5   | Identified the +1 leather armour "Gocoif" {rElec Stlth+}
 17231 | Lair:5   | Identified the +4 scale mail of Time Monsters {*Corrode
                  | Regen+ Str+6 Dex+4}
 17455 | Lair:6   | Entered Level 6 of the Lair of Beasts
 17477 | Lair:6   | Reached skill level 1 in Evocations
 17734 | Lair:6   | Reached skill level 17 in Stealth
 19067 | Lair:4   | Learned a level 3 spell: Dazzling Flash
 19087 | Spider:1 | Entered Level 1 of the Spider Nest
 19098 | Spider:1 | Reached XP level 14. HP: 70/82 MP: 18/25
 19456 | Spider:1 | Noticed a ghost moth
 19464 | Spider:1 | Killed a ghost moth
 19739 | Spider:1 | Reached skill level 1 in Translocations
 19902 | Spider:1 | Noticed Agnes
 19908 | Spider:1 | Killed Agnes
 20067 | Spider:2 | Noticed Aizul
 20084 | Spider:2 | Killed Aizul
 20098 | Spider:2 | Noticed Louise
 20103 | Spider:2 | Reached skill level 18 in Stealth
 20103 | Spider:2 | Killed Louise
 20234 | Spider:2 | Noticed an emperor scorpion
 20239 | Spider:2 | Killed an emperor scorpion
 20672 | Spider:2 | Noticed a broodmother
 20673 | Spider:2 | Noticed a ghost moth
 20786 | Spider:2 | Noticed a broodmother
 20803 | Spider:2 | Killed a broodmother
 20807 | Spider:1 | Slain by a redback

Illustrated notes

Levels and vault maps discovered:
D:1:      ncdulo_lavacross, layout_basic, serial_rivers,
          chequers_serial_rivers_marsh, chequers_serial_rivers_micro_c,
          chequers_serial_rivers_large_a, chequers_serial_rivers_small_a,
          chequers_serial_rivers_micro_e, chequers_serial_rivers_room_b,
          ebering_ecumenical_altar_box, serial_bayou_ford_a
D:2:      layout_loops_ring, minmay_surrounded
D:3:      layout_loops_ring, item_on_display_b, uniq_jessica, uniq_grinder
D:4:      layout_rooms, uniq_menkaure
D:5:      layout_loops_corners, minmay_temple_entry_large_hall, minivault_27,
          chequers_decorated_corner
D:6:      layout_basic, mainiacjoe_overflow_cross_hatched, serial_shops,
          nicolae_take_the_stairs, hangedman_decor_growths
D:7:      cheibrodos_helix_gallery, layout_basic
D:8:      layout_loops_cross, gup_ossuary_entry_pyramid
D:9:      layout_irregular_city, due_lair_maze_entry_diamond,
          minmay_fire_ice_demons
D:10:     layout_stronghold, uniq_harold
D:11:     layout_basic, david_orc_4, grunt_tough_drop
Temple:   dpeg_three_leaves_temple
Lair:1:   layout_layer_cave
Lair:2:   layout_chaotic_city, beast_lair_carwin_8, lemuel_fruit_fields,
          grunt_megastairs_3, infiniplex_staircase_pool_2, lemuel_fruit_tree
Lair:3:   layout_concentric_octagons
Lair:4:   layout_gridlike, swamp_mist_pool, spider_nest_entry_web_field,
          kennysheep_snail_temple, serial_bayou_shore_a, uniq_nessos
Lair:5:   layout_regular_city, slime_altar_1, wad_woods_road_04,
          serial_bayou_shore_b
Lair:6:   minmay_lair_end_enchanted_forest, layout_cave_pods
Spider:1: layout_spider_delve, uniq_agnes
Spider:2: layout_spider_delve, uniq_louise, uniq_aizul, uniq_arachne

Skill      XL: |  1  2  3  4  5  6  7  8  9 10 11 12 13 14 |
---------------+-------------------------------------------+-----
Stealth        | 5 6 7 8 9 11 12 14 16 17 18 | 18.5
Hexes          | 5 6 7 9 10 12 13 14 16 17 | 17.1
Fighting       | 1 2 3 4 5 6 7 |  7.8
Ice Magic      | 1 2 3 4 5 6 7 8 |  8.5
Short Blades   | 2 3 4 5 6 7 8 9 |  9.5
Dodging        | 3 4 5 6 7 8 9 |  9.6
Spellcasting   | 3 4 5 6 7 8 |  8.1
Armour         | 1 2 3 4 5 |  5.0
Evocations     | 2 3 |  3.4
Translocations | 2 |  2.3

Action                   |  1- 3 |  4- 6 |  7- 9 | 10-12 | 13-15 || total
-------------------------+-------+-------+-------+-------+-------++-------
Melee: Dagger            |    84 |    56 |   142 |       |       ||   282
       Bite              |     6 |     2 |    25 |    27 |    29 ||    89
       Short sword       |       |       |    76 |   304 |   340 ||   720
 Cast: Ensorcelled Hiber |    17 |    15 |    53 |    52 |   123 ||   260
       Confusing Touch   |       |     2 |    13 |     8 |    18 ||    41
       Frozen Ramparts   |       |       |    10 |    24 |     6 ||    40
       Tukima's Dance    |       |       |     2 |     6 |       ||     8
       Summon Mana Viper |       |       |       |       |    12 ||    12
       Dazzling Flash    |       |       |       |       |     1 ||     1
Invok: Lunge             |       |       |    37 |    37 |    47 ||   121
       Whirlwind         |       |       |     3 |    18 |    31 ||    52
       Serpent's Lash    |       |       |       |     1 |     4 ||     5
       Heavenly Storm    |       |       |       |       |     1 ||     1
 Abil: Exsanguinate      |     1 |       |       |       |       ||     1
       Wall Jump         |       |       |       |       |     2 ||     2
  Use: Scroll            |       |       |       |     9 |     7 ||    16
       Potion            |       |       |       |       |     4 ||     4
 Stab: Sleeping          |    27 |    22 |    65 |    66 |   116 ||   296
       Confused          |       |     2 |    11 |     6 |    24 ||    43
       Distracted        |       |       |     1 |     2 |     1 ||     4
Armor: Robe              |    16 |    14 |    36 |       |    47 ||   113
       Leather armour    |       |       |    17 |    80 |    41 ||   138
Dodge: Dodged            |    42 |    22 |    69 |   163 |   287 ||   583

Table legend: (Time is in decaauts)
 A = Elapsed time spent in this place.
 B = Non-inter-level travel time spent in this place.
 C = Inter-level travel time spent in this place.
 D = Time resting spent in this place.
 E = Time spent auto-exploring this place.
 F = Levels seen in this place.
 G = Mean time per level.
                   A        B        C        D        E       F      G
               +--------+--------+--------+--------+--------+-----+--------+
         Total |  20700 |  18792 |   1908 |   2161 |  13110 |  21 |  985.7 |
       Dungeon |  11380 |  10457 |    923 |    557 |   8040 |  11 | 1034.5 |
        Temple |     80 |     64 |     16 |      0 |     55 |   1 |   80.0 |
          Lair |   7185 |   6721 |    464 |    664 |   5000 |   6 | 1197.5 |
   Spider Nest |   1696 |   1191 |    505 |    816 |      0 |   2 |  848.0 |
       Ossuary |    357 |    357 |      0 |    124 |     14 |   1 |  357.0 |
               +--------+--------+--------+--------+--------+-----+--------+

Top non-repeatable levels by time:
    D:11: 1562 daAuts
  Lair:6: 1545 daAuts
     D:5: 1321 daAuts
Spider:1: 1317 daAuts
  Lair:4: 1284 daAuts
  Lair:1: 1216 daAuts
     D:6: 1204 daAuts
    D:10: 1131 daAuts
     D:7: 1121 daAuts
  Lair:3: 1117 daAuts
  Lair:5: 1069 daAuts
     D:9: 981 daAuts
     D:1: 971 daAuts
     D:3: 958 daAuts
  Lair:2: 953 daAuts
